 Dungeon Crawl Stone Soup version 0.21.1-1-g345015f (webtiles) character file.

299 inc the Ducker (level 6, -6/28 HPs)
             Began as a Felid Monk on Mar 14, 2018.
             Was an Initiate of Ru.
             Mangled by an ice beast (7 damage)
             ... on level 5 of the Dungeon.
             The game lasted 00:06:39 (4697 turns).

inc the Ducker (Felid Monk)                         Turns: 4697, Time: 00:06:40

Health: -6/28      AC:  2    Str:  4 (7)  XL:     6   Next: 13%
Magic:  6/6        EV: 24    Int: 10 (12) God:    Ru [......]
Gold:   146        SH:  0    Dex: 19 (20) Spells: 5/5 levels left
                                        Lives:  0   Deaths: 1

rFire    . . .     SeeInvis +     - Unarmed
rCold    . . .     Gourm    .   (shield unavailable)
rNeg     . . .     Faith    .   (armour unavailable)
rPois    .         Spirit   .   (helmet unavailable)
rElec    .         Reflect  .   (cloak unavailable)
rCorr    .         Harm     .   (gloves unavailable)
MR       .....                  (boots unavailable)
Stlth    ++++......             (no amulet)
HPRegen  0.09/turn              (no ring)
MPRegen  0.10/turn              (no ring)

@: quick
A: very small, no armour, no weapons or thrown items, stealth, claws 1, fangs 3,
see invisible, carnivore, speed 1, low mp 1, shaggy fur 2, slow metabolism 1,
evolution 1, sharp paws
a: Sacrifice Artifice, Sacrifice Health, Sacrifice Stealth, Reject Sacrifices,
Renounce Religion


You were on level 5 of the Dungeon.
You worshipped Ru.
Ru was noncommittal.
You were not hungry.

You visited 2 branches of the dungeon, and saw 6 of its levels.

You collected 146 gold pieces.

Inventory:

Scrolls
 c - 4 scrolls of identify {unknown}
 d - a scroll of random uselessness {unknown}
 e - a scroll of fear {unknown}
 f - a scroll of amnesia {unknown}
 g - a scroll of noise {unknown}
 h - a scroll of blinking {unknown}
 j - 3 scrolls of remove curse {unknown}
 m - a scroll of immolation {unknown}
 n - a scroll of enchant armour {unknown}
Potions
 b - a potion of curing
 i - a potion of degeneration
 k - 2 potions of brilliance
 l - a potion of mutation
 o - a potion of flight {unknown}
Comestibles
 a - 5 rations


   Skills:
 - Level 3.0 Fighting
 - Level 7.4 Dodging
 - Level 5.2 Stealth
 + Level 4.4 Unarmed Combat


You had 5 spell levels left.
You didn't know any spells.

Dungeon Overview and Level Annotations

Branches:
Dungeon (5/15)             Temple (1/1) D:4

Altars:
Ashenzari
Cheibriados
Dithmenos
Elyvilon
Fedhas
Gozag
Kikubaaqudgha
Nemelex Xobeh
Okawaru
Ru
Sif Muna
Trog
Vehumet
Xom
Yredelemnul
Zin
The Shining One

Shops:
D:3 *

Annotations:
D:4 Edmund


Innate Abilities, Weirdness & Mutations

You cannot wear armour.
You are incapable of wielding weapons or throwing items.
Your paws allow you to move quietly. (Stealth)
You have sharp claws.
You have razor-sharp teeth.
You have supernaturally acute eyesight. (SInv)
You are carnivorous and can eat meat at any time.
You cover ground quickly.
You are covered in thick fur. (AC +2)
You have a slow metabolism.
Your sharp claws are effective at attacking unaware monsters.
Your magical capacity is low. (-10% MP)
You evolve.


Message History

An ice beast is nearby!
The helpless ice beast fails to defend itself.
You mangle the ice beast!!
The ice beast is severely wounded.
The ice beast completely misses you.
You scratch the ice beast but do no damage.
You bite the ice beast, but do no damage.
The ice beast is severely wounded.
The ice beast hits you. The ice beast freezes you!
Ouch! That really hurt!
* * * LOW HITPOINT WARNING * * *
You are too injured to fight recklessly!
You are too injured to fight recklessly!
You are too injured to fight recklessly!
You scratch the ice beast.
The ice beast is severely wounded.
The ice beast hits you.
* * * LOW HITPOINT WARNING * * *
The ice beast freezes you!
You die...

#.# #.# #.#
###############<#
...>............#
###....#########
#....# #....#
#...@# #..Y.#
#....# #....#
#....# ######


You could see an ice beast.

Vanquished Creatures
  An ogre (D:2)
  A scorpion (D:4)
  A bullfrog skeleton (D:4)
  A hound skeleton (D:4)
  3 gnolls (D:2)
  6 adders
  3 oozes
  2 dart slugs
  5 leopard geckos
  6 orcs
  7 giant cockroaches
  6 goblins
  4 hobgoblins
  6 jackals
  6 kobolds
  3 quokkas
  A ball python (D:2)
  6 bats
  5 frilled lizards
  A jackal skeleton (D:4)
  8 rats
82 creatures vanquished.

Notes
Turn   | Place    | Note
-------+----------+-------------------------------------------
     0 | D:1      | inc the Felid Monk began the quest for the Orb.
     0 | D:1      | Reached XP level 1. HP: 10/10 MP: 2/2
    39 | D:1      | Reached XP level 2. HP: 9/14 MP: 3/3
   421 | D:2      | Noticed an ogre
   596 | D:1      | Reached XP level 3. HP: 17/17 MP: 4/4
  1217 | D:2      | Reached XP level 4. HP: 19/21 MP: 5/5
  1692 | D:3      | Found Zin's Purification Station.
  1693 | D:3      | Found a glowing silver altar of Zin.
  1709 | D:3      | Noticed an ogre
  1840 | D:1      | Reached skill level 5 in Stealth
  2418 | D:2      | Slain by a gnoll
  2419 | D:2      | Reached XP level 3. HP: -5/17 MP: 4/4
  2422 | D:2      | Gained mutation: Your magical capacity is low. (-10% MP) [potion of mutation]
  2422 | D:2      | Gained mutation: You evolve. [potion of mutation]
  2463 | D:2      | Killed an ogre
  2463 | D:2      | Reached skill level 5 in Dodging
  2463 | D:2      | Reached XP level 4. HP: 21/21 MP: 4/4
  2463 | D:2      | Reached XP level 5. HP: 24/24 MP: 5/5
  2506 | D:2      | Reached skill level 6 in Dodging
  3896 | D:4      | Found a staircase to the Ecumenical Temple.
  3902 | Temple   | Entered the Ecumenical Temple
  4272 | Temple   | Became a worshipper of Ru the Awakened
  4346 | D:4      | Reached skill level 7 in Dodging
  4385 | D:4      | Gained mutation: You are covered in thick fur. (AC +2) [Felid growth]
  4385 | D:4      | Reached XP level 6. HP: 22/28 MP: 6/6
  4419 | D:4      | Noticed Edmund
  4683 | D:5      | Entered Level 5 of the Dungeon
  4690 | D:5      | Noticed an ice beast
  4697 | D:5      | HP: 1/28 [ice beast (4)]
  4697 | D:5      | Mangled by an ice beast

Skill      XL: |  1  2  3  4  5 |
---------------+----------------+-----
Unarmed Combat | 4 |  4.4
Stealth        | 4 5 |  5.2
Dodging        | 5 7 |  7.4
Fighting       | |  3.0

Action                   |  1- 3 |  4- 6 || total
-------------------------+-------+-------++-------
Melee: Unarmed           |    73 |   176 ||   249
       Bite              |     7 |    17 ||    24
       Punch             |     2 |     3 ||     5
  Use: Potion            |     4 |     3 ||     7
 Stab: Sleeping          |     7 |    10 ||    17
       Distracted        |     1 |       ||     1
  Eat: Chunk             |       |     6 ||     6
Armor: Skin              |     1 |    16 ||    17
Dodge: Dodged            |    53 |   188 ||   241
